AoeStats
← kHaNbHaI

MegaRandom

509745263Analyzed
4v4 RM · 5d ago on Sep 27, 2026· 52m 3s· 8 players
Game mode
Random Map
Map size
Large (8 player)
Population
200
Speed
Normal
Resources
Standard
Victory
Conquest
Starting age
Dark Age
Ending age
Imperial Age
RankedLock teamsTeams togetherTeam positionsShared explorationLock speedFull tech treeHidden civsTurbo modeCheats
Victory
Defeat
🇧🇷 Poles · Brazil
886
+14
🇨🇳 Britons · China
855
+15
🇨🇳 Magyars · China
845
+16
🇩🇪 Franks · Germany
824
+17
🇫🇷 Huns · France
857
-16
🇨🇳 Britons · China
848
-16
🇺🇸 Saracens · United States
839
-15
🇪🇸 Franks · Spain
823
-15
weaseltemplar
3:44 Loom
11:14 Feudal Age
15:02 Horse Collar
19:39 Castle Age
18:39 Double-Bit Axe
21:10 Bow Saw
21:09 Fletching
22:20 Pikeman
25:15 Scale Barding Armor
27:14 Wheelbarrow
26:27 Town Watch
28:18 Scale Mail Armor
37:35 Imperial Age
36:21 Husbandry
36:32 Bloodlines
38:44 Elite Mameluke
40:10 Bodkin Arrow
40:36 Chain Barding Armor
40:37 Forging
41:47 Two-Man Saw
欧皇
11:17 Feudal Age
11:47 Loom
11:49 Town Watch
31:17 Double-Bit Axe
36:54 Castle Age
36:46 Wheelbarrow
zeren
11:42 Feudal Age
13:24 Horse Collar
13:32 Double-Bit Axe
14:01 Gold Mining
14:15 Stone Mining
20:10 Wheelbarrow
20:16 Wheelbarrow
22:57 Castle Age
24:01 Bow Saw
24:44 Heavy Plow
25:43 Gold Shaft Mining
26:11 Forging
26:06 Scale Barding Armor
26:05 Caravan
26:46 Hand Cart
26:49 Husbandry
26:59 Bloodlines
27:22 Loom
28:14 Coinage
31:23 Iron Casting
31:08 Chain Barding Armor
35:00 Imperial Age
35:50 Scale Mail Armor
35:39 Town Watch
37:07 Two-Man Saw
35:30 Cavalier
37:34 Banking
37:49 Plate Barding Armor
38:15 Blast Furnace
39:24 Chain Mail Armor
38:50 Paladin
40:04 Arson
40:20 Squires
39:41 Pikeman
41:59 Town Patrol
42:31 Conscription
42:26 Guilds
44:48 Halberdier
45:31 Padded Archer Armor
[PKT]Luixpozo
13:07 Feudal Age
11:27 Loom
13:14 Feudal Age
15:04 Double-Bit Axe
22:39 Castle Age
26:43 Scale Barding Armor
26:56 Forging
28:43 Husbandry
34:09 Imperial Age
38:22 Cavalier
39:06 Heavy Scorpion
39:37 Light Cavalry
kHaNbHaI
7:44 Loom
12:15 Feudal Age
12:59 Double-Bit Axe
19:48 Stone Mining
19:51 Gold Mining
22:32 Castle Age
23:43 Bow Saw
24:57 Squires
24:28 Pikeman
26:22 Wheelbarrow
25:33 Town Watch
26:10 Husbandry
27:48 Forging
27:38 Scale Mail Armor
27:31 Fletching
29:10 Gold Shaft Mining
29:23 Hand Cart
31:10 Town Patrol
35:11 Imperial Age
35:24 Iron Casting
34:45 Bodkin Arrow
35:05 Chain Mail Armor
37:00 Ballistics
37:41 Chemistry
36:51 Fortified Wall
36:53 Masonry
36:49 Siege Engineers
36:26 Treadmill Crane
36:51 Cavalier
39:00 Conscription
39:17 Hoardings
40:31 Blast Furnace
40:02 Plate Mail Armor
39:38 Scale Barding Armor
40:27 Halberdier
42:16 Chivalry
48:20 Chain Barding Armor
48:12 Paladin
Henrik
8:33 Loom
11:53 Feudal Age
12:16 Horse Collar
12:23 Double-Bit Axe
21:21 Castle Age
20:32 Scale Mail Armor
20:37 Scale Barding Armor
22:14 Bow Saw
22:28 Stone Mining
22:32 Gold Mining
24:13 Heavy Plow
30:49 Wheelbarrow
33:01 Imperial Age
30:08 Pikeman
32:59 Ballistics
33:14 Hand Cart
33:30 Corvinian Army
34:02 Chain Barding Armor
33:58 Chain Mail Armor
34:20 Crop Rotation
35:36 Conscription
38:02 Halberdier
39:10 Arson
40:22 Gold Shaft Mining
39:16 Elite Magyar Huszar
41:47 Capped Ram
Avalanche
8:17 Loom
10:54 Feudal Age
12:01 Horse Collar
12:08 Double-Bit Axe
21:12 Castle Age
19:48 Bloodlines
19:45 Scale Barding Armor
19:50 Forging
27:10 Forging
34:29 Imperial Age
34:35 Gold Mining
37:26 Husbandry
37:39 Arson
37:55 Squires
37:15 Pikeman
38:38 Conscription
39:03 Scale Mail Armor
39:39 Iron Casting
38:34 Light Cavalry
41:12 Wheelbarrow
40:23 Town Watch
40:39 Heavy Plow
40:37 Winged Hussar
43:06 Hand Cart
43:03 Bow Saw
42:53 Stone Mining
45:03 Chain Barding Armor
44:58 Chain Mail Armor
45:18 Iron Casting
45:06 Elite Obuch
45:15 Elite Obuch
52:06 Plate Mail Armor
52:36 Blast Furnace
Letty
0:37 Loom
11:15 Feudal Age
19:14 Castle Age
17:27 Double-Bit Axe
19:47 Wheelbarrow
20:26 Stone Mining
20:50 Bow Saw
20:23 Horse Collar
22:09 Gold Mining
26:35 Heavy Plow
27:48 Hand Cart
30:41 Crossbowman
36:54 Imperial Age
34:35 Elite Skirmisher
34:40 Pikeman
35:20 Squires
37:27 Yeomen
37:13 Halberdier
39:02 Conscription
38:54 Arbalester
41:26 Forging
41:17 Scale Mail Armor
41:07 Fletching
41:18 Padded Archer Armor
Connection lost

Rejoining the realm…

Still unreachable

The connection could not be restored.

Session expired

The server has moved on; the page needs a fresh start.